 Dungeon Crawl Stone Soup version 0.30-a0-718-geaa24f58ff (webtiles) character file.

Game seed: 2924887568022776540

60 MackTheKnife the Sneak (level 4, -2/29 HPs)
             Began as an Octopode Wanderer on Jan 25, 2023.
             Slain by a goblin
             ... wielding a +0 club
             ... led by Robin
              (5 damage)
             ... on level 1 of the Dungeon.
             The game lasted 00:01:51 (1076 turns).

MackTheKnife the Sneak (Octopode Wanderer)          Turns: 1076, Time: 00:01:52

Health: -2/29      AC:  1    Str:  8    XL:     4   Next: 6%
Magic:  4/4        EV: 12    Int: 16    God:
Gold:   63         SH:  0    Dex: 14    Spells: 3/3 levels left

rFire   . . .      SeeInvis .    g - +1 dagger (venom) {short}
rCold   . . .      Faith    .    (no shield)
rNeg    . . .      Spirit   .    (helmet restricted)
rPois   .          Reflect  .    (no amulet)
rElec   .          Harm     .    (no ring)
rCorr   .          Rampage  .    (no ring)
Will    .....                    (no ring)
Stlth   ++++                     (no ring)
HPRegen 0.24/turn                (no ring)
MPRegen 0.09/turn                (no ring)
                                 (no ring)
                                 (no ring)

@: no status effects
A: almost no armour, amphibious, 8 rings, camouflage 1, gelatinous body 1,
(nimble swimmer 1), tentacles
a: no special abilities


You were on level 1 of the Dungeon.
You visited 1 branch of the dungeon, and saw 2 of its levels.

You collected 63 gold pieces.


Innate Abilities, Weirdness & Mutations

You cannot wear most types of armour.
You are amphibious.
You can wear up to eight rings at the same time.
Your skin changes colour to match your surroundings (Stealth+).
Your rubbery body absorbs attacks. (AC +1, EV +1)
((You are camouflaged when in or above water. (Stealth+)))
You have tentacles for arms and can constrict up to eight enemies at once.


   Skills:
 - Level 2.0 Fighting
 - Level 2.0 Polearms
 - Level 2.0 Throwing
 + Level 6.7 Stealth
 - Level 1.1 Evocations


You had 3 spell levels left.
You didn't know any spells.
Your spell library was empty.

Inventory:

Hand Weapons
 g - a +1 dagger of venom (weapon) {short}
   (You took it off a goblin on level 2 of the Dungeon)
Missiles
 d - 11 poisoned darts (quivered) {throwing}
Scrolls
 a - a scroll of teleportation {unknown}
 e - 2 scrolls of poison {!r}
 h - 2 scrolls of identify {unknown}
 i - a scroll of fear {unknown}
Potions
 b - a potion of invisibility
 c - a potion of attraction {unknown}
 f - a potion of curing {@q1}
 j - a potion of heal wounds {unknown}

Dungeon Overview and Level Annotations

Branches:
Dungeon (2/15) Zot: 10923

Altars:

Shops:
D:1

(
#.#.#.######.######.###...#
#.#.#.................'....
#.#.######...######.###.)(#
#.#.# #...# #.# #...# #.#.#
#...# #.# #....
#.#.######...######.# #....
#.........>......)..# #....
###......gg..######.# #....
########@.........#####..
#.#.######.....#..
#.#.##.......#.###
#.#..'.......#.###
#.####.......#...# #.#
#.......###.. #.#
#.......####. #.#
###.......... #.#
#.........~


You could see 2 goblins.


Message History

The endoplasm attacks as you move away!
The endoplasm barely misses you. 😕 HP[+1]
You see here a rat corpse.
The endoplasm attacks as you move away! The endoplasm hits you.
The endoplasm jiggles. 😕 HP[-1]
You take 1 damage, and now have 19/24 hp.
The endoplasm attacks as you move away! The endoplasm hits you.
There is a stone staircase leading up here.
The endoplasm hits you.
You climb upwards.
There is a stone staircase leading down here. 😮 HP[-2]
You take 2 damage, and now have 17/24 hp.
You hit the endoplasm. You squeeze the endoplasm.
You kill the endoplasm! 😮 HP[+1]
You start resting. 😎 HP[+6]
Your hp is fully restored (24).
There is an open door here.
You enter the shallow water.
Key pressed, stopping travel.
You can't go down here!
Done exploring.
Done exploring.
(D) Dungeon
Where to? (Enter - D:1 @ (x,y), ? - help)
There is a stone staircase leading down here.
You climb downwards.
There is a stone staircase leading up here.
You see here 7 stones {throwing}.
Key pressed, stopping explore.
There are monsters nearby!
A goblin comes into view. It is wielding a +0 club.
A kobold comes into view. It is wielding a +0 club.
The goblin shouts!
The goblin shouts! x2; The kobold shouts!
You hit the goblin.
You kill the goblin!
You hear a shout!
You see here a rat corpse.
You hit the goblin. Your grab misses the goblin. The goblin closely misses you.
You hit the goblin.
You kill the goblin!
You have reached level 4! 😎 HP[+5] MP[+1]
You now have 29 max hp (+5).
Your hp is fully restored (29).
Your mp is fully restored (4).
You hit the goblin but do no damage.
The goblin is poisoned.
You grab the goblin. You constrict the goblin.
The goblin hits you but does no damage.
You hit the goblin.
You kill the goblin!
You barely miss the goblin. You grab the goblin. You constrict the goblin.
The goblin hits you with a +0 club. 😕 HP[-4]
You take 4 damage, and now have 25/29 hp.
You hit the goblin.
You kill the goblin!
The goblin hits you with a +0 club.
The hobgoblin hits you but does no damage. 😕 HP[-3]
You take 3 damage, and now have 22/29 hp.
You hit the hobgoblin.
The hobgoblin is poisoned.
Your grab misses the hobgoblin. The goblin barely misses you.
The hobgoblin barely misses you.
You barely miss the hobgoblin. You grab the hobgoblin.
Your squeeze misses the hobgoblin. You constrict the hobgoblin.
The goblin hits you with a +0 club. The hobgoblin hits you.
* * * LOW HITPOINT WARNING * * *
😨 HP[-8]
You take 8 damage, and now have 14/29 hp.
MASSIVE DAMAGE!! (PAUSE)
You hit the hobgoblin.
You kill the hobgoblin!
The goblin misses you. The goblin hits you with a +0 club.
* * * LOW HITPOINT WARNING * * *
😨 HP[-5]
You take 5 damage, and now have 9/29 hp.
The goblin attacks as you move away! The goblin hits you with a +0 club.
* * * LOW HITPOINT WARNING * * *
There is a stone staircase leading up here. 😱 HP[-2]
You take 2 damage, and now have 7/29 hp.
You can't go down here!
The goblin hits you with a +0 club.
* * * LOW HITPOINT WARNING * * *
You climb upwards.
There is a stone staircase leading down here. 😱 HP[-2]
You take 2 damage, and now have 5/29 hp.
Unknown command.
The goblin closely misses you. The goblin misses you.
The goblin hits you with a +0 club.
* * * LOW HITPOINT WARNING * * *
😱 HP[-2]
You take 2 damage, and now have 3/29 hp.
The goblin attacks as you move away! The goblin hits you with a +0 club.
You die...

Skill      XL: |  1  2  3 |
---------------+----------+-----
Stealth        | 5 6 |  6.7
Fighting       | |  2.0
Polearms       | |  2.0
Throwing       | |  2.0
Evocations     | |  1.1

Action                     |  1- 3 |  4- 6 || total
---------------------------+-------+-------++-------
  Melee: Dagger            |    57 |     7 ||    64
         Constrict         |     8 |     3 ||    11
         Tentacles         |     6 |       ||     6
    Use: Scroll            |     1 |       ||     1
   Stab: Sleeping          |    12 |       ||    12
         Distracted        |     1 |       ||     1
 Armour: Skin              |     8 |     2 ||    10
  Dodge: Dodged            |    29 |     5 ||    34

Levels and vault maps discovered:
D:1:      dpeg_arrival_ternary, layout_basic, serial_shops, shop,
          serial_bayou_lake_a
D:2:      layout_rooms, minmay_pentomino_p2, uniq_robin

Notes
Turn   | Place    | Note
-------+----------+-------------------------------------------
     0 | D:1      | MackTheKnife the Octopode Wanderer began the quest for the
                  | Orb.
     0 | D:1      | MackTheKnife set off with the following items: a +2 dagger
                  | {short}, a potion of invisibility, a +0 spear {polearm}, 11
                  | poisoned darts {throwing}, a +0 dagger {short}, a potion of
                  | curing {@q1}.
     0 | D:1      | Reached XP level 1. HP: 14/14 MP: 1/1
     0 | D:1      | magus.rc [v1.9.6]
    25 | D:1      | Reached XP level 2. HP: 10/19 MP: 2/2
   104 | D:1      | Reached skill level 5 in Stealth
   239 | D:1      | Found Xourups's Antique Weapon Emporium.
   317 | D:1      | Reached XP level 3. HP: 24/24 MP: 3/3
   597 | D:1      | Reached skill level 6 in Stealth
  1063 | D:2      | Reached XP level 4. HP: 29/29 MP: 4/4
  1071 | D:2      | HP: 7/29 [goblin/+0 club[Robin] (2)]
  1075 | D:1      | HP: 3/29 [goblin/+0 club[Robin] (2)]
  1076 | D:1      | Slain by a goblin

Vanquished Creatures
  An adder (D:2)
  A gnoll (D:1)
  A dart slug (D:1)
  2 ball pythons (D:1)
  5 endoplasms (D:1)
  8 goblins
  2 hobgoblins
  4 jackals (D:1)
  2 bats
  5 frilled lizards (D:1)
  3 kobolds (D:1)
  4 rats (D:2)
38 creatures vanquished.

Vanquished Creatures (others)
  5 plants (D:1)
5 creatures vanquished.

Grand Total: 43 creatures vanquished

Table legend:
 A = Non-vault XP
 B = Vault XP
 C = Vault XP percentage of total XP
 D = Non-vault monster count
 E = Vault monster count
 F = Vault count percentage of total count
                 A         B        C        D         E       F
            +---------+---------+-------+---------+---------+-------
      Total |      75 |      12 |  13.8 |      31 |       7 |  18.4
            +---------+---------+-------+---------+---------+-------
        D:1 |      53 |       0 |   0.0 |      24 |       0 |   0.0
        D:2 |      22 |      12 |  35.3 |       7 |       7 |  50.0
            +---------+---------+-------+---------+---------+-------

Illustrated notes

Table legend:
 A = Kills in this place as a percentage of kills in entire the game.
 B = Kills by you in this place as a percentage of kills by you in the entire game.
 C = Kills by friends in this place as a percentage of kills by friends in the entire game.
 D = Other kills in this place as a percentage of other kills in the entire game.
 E = Experience gained in this place as a percentage of experience gained in the entire game.
 F = Experience gained in this place divided by the number of levels of this place that you have seen.
                   A       B       C       D       E      F
               +-------+-------+-------+-------+-------+----------------------
         Total | 100.0 | 100.0 |   N/A |   N/A | 100.0 |  43.5
       Dungeon | 100.0 | 100.0 |   N/A |   N/A | 100.0 |  43.5
               +-------+-------+-------+-------+-------+----------------------

Table legend: (Time is in decaauts)
 A = Elapsed time spent in this place.
 B = Non-inter-level travel time spent in this place.
 C = Inter-level travel time spent in this place.
 D = Time resting spent in this place.
 E = Time spent auto-exploring this place.
 F = Levels seen in this place.
 G = Mean time per level.
                   A        B        C        D        E       F      G
               +--------+--------+--------+--------+--------+-----+--------+
         Total |   1076 |   1005 |     71 |    100 |    668 |   2 |  538.0 |
       Dungeon |   1076 |   1005 |     71 |    100 |    668 |   2 |  538.0 |
               +--------+--------+--------+--------+--------+-----+--------+

Top non-repeatable levels by time:
     D:1: 908 daAuts
     D:2: 168 daAuts
